 Dungeon Crawl Stone Soup version 0.31-a0-728-g01b46875f1 (webtiles) character file.

Game seed: 17045177761369832251

27946 javelincjr the Fighter (level 12, -4/117 HPs)
             Began as a Demigod Shapeshifter on Sept 8, 2023.
             Slain by an eight-headed hydra (11 damage)
             ... on level 3 of the Lair of Beasts on Sept 11, 2023.
             The game lasted 00:49:35 (17419 turns).

javelincjr the Fighter (Demigod Shapeshifter)      Turns: 17419, Time: 00:49:35

Health: -4/117     AC: 15    Str: 31    XL:     12   Next: 72%
Magic:  17/17      EV: 16    Int: 12    God:
Gold:   696        SH:  0    Dex: 13    Spells: 11/13 levels left

rFire   . . .        y - melded +2 quarterstaff (spect)
rCold   . . .        (shield currently unavailable)
rNeg    . . .        I - +1 acid dragon scales
rPois   +            u - +2 helmet
rElec   .            T - +0 cloak
rCorr   +            N - +1 pair of gloves
SInv    .            n - +0 pair of boots
Will    +....        g - amulet of the acrobat
Stlth   +            C - ring of poison resistance
HPRegen 0.39/turn    P - ring of flight
MPRegen 0.15/turn

%: acrobat
@: about to teleport, flux-form, flying, glowing
A: glow, contaminating, high MP 1, forlorn, divine attributes, sense
surroundings 2, robust 1
a: Begin Untransformation


You were on level 3 of the Lair of Beasts.
You were something dangerously unstable.
You visited 2 branches of the dungeon, and saw 14 of its levels.

You collected 1049 gold pieces.
You spent 353 gold pieces at shops.

Inventory:

Hand Weapons
 a - the +1 long sword of the Boiling Point {freeze, Will+ Str+5}
   (You bought it in a shop on level 2 of the Dungeon)

   Str+5:     It affects your strength (+5).
   Will+:     It increases your willpower.
 v - a +3 spear
 y - a +2 spectral quarterstaff (melded)
 L - a +5 battleaxe of freezing
 U - a +0 shortbow of draining
Missiles
 q - 15 poisoned darts
Armour
 n - a +0 pair of boots (worn)
 t - a +1 animal skin
 u - a +2 helmet (worn)
 A - a +3 leather armour of fire resistance
 I - +1 acid dragon scales (worn)
 N - a +1 pair of gloves (worn)
 O - the sphere of Battle
   (You found it on level 2 of the Lair of Beasts)

   Battle:    It summons a battlesphere in combat, with strength depending on
   Conjurations skill.
   Destructive: It enhances your destructive magic, and weakens non-destructive
   magic.
 T - a +0 cloak (worn)
 V - a +2 hat
Jewellery
 g - an amulet of the acrobat (around neck)
 C - a ring of poison resistance (left hand)
 K - a ring of magical power
 P - a ring of flight (right hand)
 W - a +6 ring of intelligence
Talismans
 c - a beast talisman
 d - a flux talisman (active)
Wands
 h - a wand of digging (3)
 i - a wand of roots (7)
 o - a wand of mindburst (9)
 x - a wand of charming (12)
 H - a wand of polymorph (6)
 J - a wand of quicksilver (14)
Scrolls
 e - 4 scrolls of teleportation
 k - 2 scrolls of immolation
 p - 2 scrolls of noise
 w - 2 scrolls of poison
 M - a scroll of revelation
 Q - a scroll of fog
 R - 2 scrolls of vulnerability
 S - a scroll of amnesia
 X - a scroll of identify
Potions
 b - 3 potions of lignification
 f - 7 potions of haste
 j - 4 potions of curing
 l - 3 potions of attraction
 m - 5 potions of heal wounds
 r - a potion of berserk rage
 s - 2 potions of mutation
 z - 3 potions of might
 B - 5 potions of magic
 D - 4 potions of enlightenment
 E - 3 potions of brilliance
 F - 2 potions of invisibility
 G - a potion of degeneration {unknown}


   Skills:
 * Level 10.3 Fighting
 + Level 3.6 Armour
 + Level 9.8 Dodging
 + Level 10.0 Unarmed Combat
 + Level 1.3 Spellcasting
 + Level 1.5 Transmutations
 + Level 3.4 Evocations
 * Level 9.9 Shapeshifting


You had 11 spell levels left.
You knew the following spells:

 Your Spells              Type           Power      Damage    Failure   Level
a - Wereblood             Tmut           4%         N/A       28%         2

Your spell library contained the following spells:

 Spells                   Type           Power      Damage    Failure   Level
 Cigotuvi's Dreadful Rot  Necr/Pois/Air  0%         N/A       47%         2
 Sublimation of Blood     Necr           0%         N/A       47%         2
 Ignite Poison            Fire/Tmut/Pois 1%         N/A       65%         3
 Dispel Undead            Necr           0%         3d6       98%         4
 Manifold Assault         Tloc           0%         N/A       98%         4
 Sticky Flame             Conj/Fire      0%         2d3       98%         4
 Alistair's Intoxication  Tmut/Pois      1%         N/A       100%        5
 Borgnjor's Vile Clutch   Necr/Erth      0%         N/A       100%        5
 Death Channel            Necr           0%         N/A       100%        6
 Dispersal                Tloc           0%         N/A       100%        6
 Eringya's Noxious Bog    Tmut/Pois      1%         4d6       100%        6
 Summon Hydra             Summ           0%         N/A       100%        7
 Disjunction              Tloc           0%         N/A       100%        8
 Ignition                 Fire           0%         3d3       100%        8


Dungeon Overview and Level Annotations

Branches:
Dungeon (11/15)            Temple (0/1) D:5            Lair (3/5) D:11
  Swamp (0/4) Lair:2        Snake (0/4) Lair:3          Orc (0/2) D:11

Shops:
D:2 *   D:5 *   D:6 *   D:9 =

Annotations:
Lair:2 1 runed translucent door, Pattuawu's ghost, journeyman OpSh


Innate Abilities, Weirdness & Mutations

You are something dangerously unstable.
You glow with magical radiation, making you easy to see and hit.
Foes you strike become dangerously contaminated with magical radiation.
You are incapable of wielding weapons or throwing items.
You have an increased reservoir of magic. (+10% MP)
You shall have no god before yourself.
Your divine heritage dramatically boosts your attributes as you level up.
You passively map the area around you.
You are robust. (+10% HP)


Message History

The eight-headed hydra closely misses you.
You feel much better. The water moccasin misses you.
The eight-headed hydra bites you but does no damage. x2
The eight-headed hydra misses you.
The eight-headed hydra barely misses you. x2
The eight-headed hydra bites you but does no damage.
The eight-headed hydra bites you! The eight-headed hydra bites you.
You miss the water moccasin.
The water moccasin is lightly wounded.
The water moccasin misses you.
You punch the water moccasin!
The water moccasin begins to glow.
The water moccasin is heavily wounded.
The water moccasin barely misses you. The eight-headed hydra bites you.
The eight-headed hydra bites you!
* * * LOW HITPOINT WARNING * * *
The eight-headed hydra bites you!
* * * LOW HITPOINT WARNING * * *
The eight-headed hydra bites you.
* * * LOW HITPOINT WARNING * * *
The eight-headed hydra bites you but does no damage. x2
The eight-headed hydra bites you.
* * * LOW HITPOINT WARNING * * *
The eight-headed hydra bites you.
* * * LOW HITPOINT WARNING * * *
The hell rat barely misses you. The water moccasin bites you.
* * * LOW HITPOINT WARNING * * *
The hell rat bites you but does no damage.
The water moccasin bites you but does no damage.
As you read the scroll of teleportation, it crumbles to dust.
You feel strangely unstable.
The water moccasin bites you but does no damage.
The eight-headed hydra closely misses you.
The eight-headed hydra barely misses you.
The eight-headed hydra bites you!
* * * LOW HITPOINT WARNING * * *
The eight-headed hydra misses you.
The eight-headed hydra bites you but does no damage.
The eight-headed hydra bites you!
You die...

##.^..# , ##....## #
...#* ** .##....##
,...* , * ..##....# ,
.. * #.$#....# *
#..#....# , , *
,,,#..#....# , #w ,,
>, #$.#....#,,* * ,,
#.. #Sr#....# , ,
,#..# ,, ##DB#....# ,
+, , #..#
,##..##....#,** * # .
#..####†!##....## ,
##,...
#.D..†.##....## ,
<###...###..###...###
,, * ,
...###...##.#...### ,
* .....# #....†.### ,
, .#P.#.P######## , *
......P., ,


You could see an eight-headed hydra, a water moccasin (contam) and a hell rat.

Vanquished Creatures
  4 hydras
  A centaur warrior (D:10)
  2 two-headed ogres
  A death yak (Lair:2)
  A bog body (Lair:2)
  A wolf spider (Lair:3)
  3 centaur zombies (D:11)
  3 black mambas (Lair:1)
  2 torpor snails
  10 cane toads
  A komodo dragon (Lair:2)
  Maggie (D:7)
  An unseen horror (D:10)
  2 rime drakes
  2 trolls (D:10)
  2 hornets
  2 polar bears (Lair:2)
  2 meliai zombies (D:11)
  6 wyverns
  3 shadows
  A vampire (D:11)
  2 wraiths (D:11)
  38 yaks
  Eustachio (D:4)
  3 steam dragons
  3 basilisks
  An acid dragon (D:10)
  2 water moccasins
  7 ice beasts
  2 orc warriors
  A black bear (D:7)
  A sky beast (D:7)
  2 ogres (D:7)
  3 centaurs
  9 wolves
  2 phantoms
  A kobold brigand (D:11)
  16 bullfrogs
  4 scorpions
  7 wights
  5 killer bees (D:10)
  4 howler monkeys (D:8)
  7 crimson imps (D:9)
  3 jellies
  5 hounds
  6 orc priests
  3 iguanas
  Jessica (D:3)
  A gnoll bouda (D:9)
  Natasha (thrice) (D:3)
  A boggart zombie (D:11)
  7 orc wizards
  Robin (D:3)
  6 gnolls
  6 adders
  5 white imps
  2 ufetubi (D:6)
  A worm (D:2)
  2 dart slugs
  27 orcs
  7 endoplasms
  2 giant cockroaches
  12 goblins
  7 hobgoblins
  3 jackals (D:1)
  4 quokkas
  4 ball pythons
  7 bats
  2 frilled lizards (D:1)
  5 kobolds
  23 rats
328 creatures vanquished.

Notes
Turn   | Place    | Note
-------+----------+-------------------------------------------
     0 | D:1      | javelincjr the Demigod Shapeshifter began the quest for the
                  | Orb.
     0 | D:1      | Reached XP level 1. HP: 15/15 MP: 3/3
   165 | D:1      | Reached skill level 1 in Fighting
   483 | D:1      | Reached XP level 2. HP: 16/23 MP: 4/4
  1229 | D:2      | Reached XP level 3. HP: 21/28 MP: 5/5
  1301 | D:2      | Found Qasoh's Assorted Antiques.
  1964 | D:3      | Noticed Jessica
  1970 | D:3      | Killed Jessica
  1971 | D:3      | Reached XP level 4. HP: 24/36 MP: 6/6
  2131 | D:3      | Noticed Natasha
  2140 | D:3      | Killed Natasha
  2575 | D:3      | Noticed Robin
  2600 | D:3      | Killed Robin
  2814 | D:3      | Noticed Natasha
  2827 | D:3      | Killed Natasha
  2828 | D:3      | Reached XP level 5. HP: 16/41 MP: 7/7
  2871 | D:2      | Bought a fine long sword for 170 gold pieces
  2871 | D:2      | Identified the +1 long sword of the Boiling Point {freeze,
                  | Will+ Str+5} (You bought it in a shop on level 2 of the
                  | Dungeon)
  2871 | D:2      | Bought a scroll labelled HEYVVA YCOCANI for 20 gold pieces
  2871 | D:2      | Bought a scroll labelled BEDWULO YTOAME for 20 gold pieces
  3074 | D:3      | Noticed Natasha
  3084 | D:3      | Killed Natasha
  3591 | D:4      | Reached XP level 6. HP: 44/50 MP: 8/8
  4381 | D:4      | Noticed Eustachio
  4400 | D:4      | Killed Eustachio
  4456 | D:5      | Entered Level 5 of the Dungeon
  4504 | D:5      | Reached XP level 7. HP: 50/57 MP: 9/9
  5003 | D:5      | Found a staircase to the Ecumenical Temple.
  5261 | D:5      | Found Saptana's Assorted Antiques.
  5266 | D:5      | Bought a murky white potion for 27 gold pieces
  5266 | D:5      | Bought a ruby potion for 27 gold pieces
  5266 | D:5      | Bought a fuming sapphire potion for 27 gold pieces
  5266 | D:5      | Bought a scroll labelled JIUVOI OJUKK for 31 gold pieces
  5266 | D:5      | Bought a scroll labelled FAJU FUNAMOZEL for 31 gold pieces
  5277 | D:5      | Gained mutation: You are robust. (+10% HP) [potion of
                  | mutation]
  5277 | D:5      | Gained mutation: You passively map a small area around you.
                  | [potion of mutation]
  5277 | D:5      | Gained mutation: You passively map the area around you.
                  | [potion of mutation]
  5619 | D:6      | Reached skill level 5 in Unarmed Combat
  5843 | D:6      | Found Gozag's Platinum Reserve.
  5869 | D:6      | Reached XP level 8. HP: 66/73 MP: 10/10
  5977 | D:6      | Reached skill level 5 in Shapeshifting
  6134 | D:7      | Reached skill level 5 in Dodging
  6189 | D:7      | Noticed Maggie
  6196 | D:7      | Reached skill level 5 in Fighting
  6206 | D:7      | Killed Maggie
  6632 | D:7      | Reached XP level 9. HP: 19/81 MP: 11/11
  8022 | D:8      | Noticed a two-headed ogre
  8030 | D:8      | Killed a two-headed ogre
  8498 | D:9      | Paralysed by a hornet for 1 turns
  8503 | D:9      | Reached XP level 10. HP: 44/92 MP: 13/13
  8784 | D:9      | Found Qodah's Jewellery Shop.
  9792 | D:10     | Entered Level 10 of the Dungeon
 10582 | D:10     | Noticed a centaur warrior
 10596 | D:10     | Killed a centaur warrior
 11203 | D:10     | Upgraded the game from 0.31-a0-703-gcfe89afef6 to
                  | 0.31-a0-728-g01b46875f1
 11494 | D:11     | Noticed a two-headed ogre
 11518 | D:10     | Reached XP level 11. HP: 35/103 MP: 14/14
 11707 | D:11     | Killed a two-headed ogre
 12024 | D:11     | Found a staircase to the Lair.
 12282 | D:11     | Found a staircase to the Orcish Mines.
 13246 | Lair:1   | Entered Level 1 of the Lair of Beasts
 13353 | D:11     | Reached skill level 1 in Armour
 13353 | D:11     | Reached skill level 1 in Evocations
 14276 | Lair:1   | Reached XP level 12. HP: 111/115 MP: 15/15
 15304 | Lair:2   | Noticed a six-headed hydra
 15317 | Lair:2   | Killed a six-headed hydra
 15529 | Lair:2   | Found a staircase to the Swamp.
 15989 | Lair:2   | Reached skill level 10 in Fighting
 16123 | Lair:2   | Found a runed translucent door.
 16181 | Lair:2   | Learned a level 2 spell: Wereblood
 16211 | Lair:2   | Noticed a six-headed hydra
 16211 | Lair:2   | Noticed a seven-headed hydra
 16228 | Lair:2   | Killed a six-headed hydra
 16230 | Lair:2   | Killed a seven-headed hydra
 16455 | Lair:2   | Found the sphere of Battle
 16487 | Lair:2   | Reached skill level 1 in Transmutations
 16917 | Lair:2   | Noticed Pattuawu's ghost (journeyman OpSh)
 17123 | Lair:3   | Reached skill level 1 in Spellcasting
 17138 | Lair:3   | Noticed a four-headed hydra
 17154 | Lair:3   | Killed a four-headed hydra
 17353 | Lair:3   | Reached skill level 10 in Unarmed Combat
 17407 | Lair:3   | Noticed an eight-headed hydra
 17419 | Lair:3   | Slain by an eight-headed hydra

Illustrated notes

Levels and vault maps discovered:
D:1:      matt_arrival_debris, layout_basic,
          hellmonk_ecumenical_altar_leap_of_faith
D:2:      layout_basic, serial_shops, nicolae_diamond_shop, minmay_rat_hole
D:3:      layout_loops_corners, uniq_natasha, uniq_robin, uniq_jessica
D:4:      layout_basic, hangedman_decor_lopped, minivault_14, uniq_eustachio
D:5:      layout_loops_corners, mainiacjoe_overflow_chevrons, temple_pool_b,
          serial_shops, shop
D:6:      layout_rooms, minitemple, nicolae_gozag_zags_fifth_avenue
D:7:      layout_loops_cross, uniq_maggie
D:8:      layout_loops_cross, mainiacjoe_overflow_brackets
D:9:      layout_gridville, serial_shops, nicolae_shop_crystal, minmay_nine_imps
D:10:     layout_irregular_city, gammafunk_temple_overflow_elements,
          kennysheep_donut
D:11:     layout_basic, hellmonk_lair_entry_icy, david_orc_3, serial_undead,
          serial_undead_d, serial_undead_e, serial_undead_a, serial_undead_e,
          kennysheep_potato
Lair:1:   layout_hall_layers
Lair:2:   layout_layer_cave, skrybe_swamp_entry_bodies, serial_forest,
          infiniplex_forest_straight_3, infiniplex_forest_lined_2,
          infiniplex_forest_straight_2, infiniplex_forest_end_1,
          infiniplex_forest_lined_3_way, infiniplex_forest_lined_4_way,
          infiniplex_forest_end_1, infiniplex_forest_clump_long,
          ebering_ghost_reflecting_pool, minmay_shattered_shrine
Lair:3:   layout_gridlike, minmay_snake_entry_six_corridors, nzn_random_ring,
          infiniplex_staircase_pool_2, grunt_megastairs_4, lemuel_fruit_tree

Skill      XL: |  1  2  3  4  5  6  7  8  9 10 11 12 |
---------------+-------------------------------------+-----
Fighting       | 1 2 3 4 5 6 8 9 10 | 10.3
Dodging        | 2 3 4 5 7 8 9 |  9.8
Unarmed Combat | 3 4 5 6 7 8 9 10 | 10.0
Shapeshifting  | 3 4 5 6 8 9 |  9.9
Armour         | 2 3 |  3.6
Evocations     | 2 3 |  3.4
Transmutations | 1 |  1.5
Spellcasting   | 1 |  1.3

Action                     |  1- 3 |  4- 6 |  7- 9 | 10-12 || total
---------------------------+-------+-------+-------+-------++-------
  Melee: Unarmed           |   144 |    49 |       |   865 ||  1058
         Punch             |     2 |     9 |       |       ||    11
         Long sword        |       |    81 |       |       ||    81
         Quarterstaff      |       |    12 |   191 |    21 ||   224
  Evoke: Wand              |       |       |       |     1 ||     1
    Use: Scroll            |       |       |    10 |    16 ||    26
         Potion            |       |       |     1 |     2 ||     3
   Stab: Sleeping          |       |     1 |       |       ||     1
         Distracted        |       |     1 |     1 |       ||     2
 Armour: Animal skin       |    61 |    92 |       |       ||   153
         Leather armour    |       |     2 |    48 |       ||    50
         Acid dragon scale |       |       |    55 |   700 ||   755
  Dodge: Dodged            |    96 |   112 |   143 |   747 ||  1098
   Form: Flux              |       |       |       |     1 ||     1

Table legend: (Time is in decaauts)
 A = Elapsed time spent in this place.
 B = Non-inter-level travel time spent in this place.
 C = Inter-level travel time spent in this place.
 D = Time resting spent in this place.
 E = Time spent auto-exploring this place.
 F = Levels seen in this place.
 G = Mean time per level.
                   A        B        C        D        E       F      G
               +--------+--------+--------+--------+--------+-----+--------+
         Total |  17401 |  16832 |    569 |   1581 |  12499 |  14 | 1242.9 |
       Dungeon |  13754 |  13243 |    511 |   1569 |   9580 |  11 | 1250.4 |
          Lair |   3647 |   3589 |     58 |     12 |   2919 |   3 | 1215.7 |
               +--------+--------+--------+--------+--------+-----+--------+

Top non-repeatable levels by time:
    D:11: 2260 daAuts
  Lair:2: 2038 daAuts
    D:10: 1600 daAuts
     D:9: 1538 daAuts
     D:3: 1400 daAuts
     D:7: 1397 daAuts
  Lair:1: 1239 daAuts
     D:4: 1239 daAuts
     D:5: 1107 daAuts
     D:1: 1085 daAuts
     D:2: 817 daAuts
     D:8: 761 daAuts
     D:6: 545 daAuts
  Lair:3: 369 daAuts
